 Dungeon Crawl Stone Soup version bcrawl-1.40.3b (webtiles) character file.

Game seed: 16890318621269991963

14368544 Artagas the Slayer (level 27, 293/295 HPs)
             Began as a Naga Berserker on Nov 30, 2023.
             Was a High Priest of Trog.
             Escaped with the Orb
             ... and 3 runes on Dec 1, 2023!
             The game lasted 02:58:40 (68211 turns).

Artagas the Slayer (Naga Berserker)                Turns: 68211, Time: 02:58:40

Health: 293/295    AC: 40    Str: 31    XL:     27
Magic:  32/32      EV: 15    Int:  8    God:    Trog [*****.]
Gold:   209        SH: 28    Dex: 14    Spells: 26/26 levels left

rFire    + + .     GDR:     38% b - +6 broad axe (elec)
rCold    + . .     SeeInvis +   p - +0 large shield
rNeg     . . .     Gourm    .   N - +10 plate armour {rF+}
rPois    +         Faith    .   (helmet restricted)
rElec    .         Spirit   .   G - +2 cloak {rC+}
rCorr    .         Reflect  +   o - +2 pair of gloves
MR       +++..                  (no barding)
Stlth    ..........             O - amulet of the Catfish {Reflect Str+4 SH+6}
HPRegen  0.59/turn              u - +6 ring of evasion
MPRegen  0.23/turn              f - ring of protection from fire

@: hasted, quick
A: large, tail, swims, horns 2, icy blue scales 1, see invisible, deformed body,
poison resistance, screaming 1, slowness 2, slow metabolism 1, spit poison 1,
weak 1, constrict 1, AC +9
0: Orb of Zot
}: 3/15 runes: barnacled, slimy, gossamer
a: Spit Poison, Berserk, Trog's Hand, Brothers in Arms, Renounce Religion


You escaped.
You worshipped Trog.
Trog was extremely pleased with you.
You were not hungry.

You visited 11 branches of the dungeon, and saw 46 of its levels.
You also visited: Trove, Sewer, Bailey and Ice Cave.

You collected 5097 gold pieces.
You spent 4888 gold pieces at shops.

Inventory:

Hand Weapons
 a - a +3 broad axe of flaming
   (Trog gifted it to you on level 2 of the Spider Nest)
 b - a +6 broad axe of electrocution (weapon)
   (You took it off Donald on level 1 of the Spider Nest)
Missiles
 B - 7 throwing nets {=f}
 E - 315 javelins of penetration {=f}
 P - 482 javelins (quivered)
Armour
 o - a +2 pair of gloves (worn)
   (You found it on level 2 of the Dungeon)
 p - a +0 large shield (worn)
   (You took it off Mennas on level 5 of the Depths)
 y - a +0 medium shield
   (You took it off a tengu warrior on level 12 of the Dungeon)
 A - a +2 helmet
   (You found it on level 1 of the Lair of Beasts)
 G - a +2 cloak of cold resistance (worn)
   (You found it in an ice cave)
 N - a +10 plate armour of fire resistance (worn)
   (You took it off Donald on level 1 of the Spider Nest)
Jewellery
 f - a ring of protection from fire (right hand)
   (You found it on level 3 of the Lair of Beasts)
 k - an uncursed ring of resist corrosion
   (You found it on level 4 of the Dungeon)
 m - an uncursed ring of protection from magic
   (You found it on level 3 of the Lair of Beasts)
 u - a +6 ring of evasion (left hand)
   (You found it on level 5 of the Pits of Slime)
 L - an uncursed ring of insulation
   (You found it on level 1 of the Dungeon)
 O - the amulet of the Catfish (around neck) {Reflect Str+4 SH+6}
   (You found it on level 5 of the Pits of Slime)

   [amulet of reflection]

   It shields you and reflects attacks.
   It affects your strength (+4).
   It affects your SH (+6).
Wands
 c - a wand of scattershot (11)
   (You found it in a treasure trove)
 g - a wand of paralysis (26)
   (You found it on level 1 of the Spider Nest)
 v - a wand of digging (9)
   (You found it in a treasure trove)
 F - a wand of acid (62)
   (You found it in a treasure trove)
 M - a wand of clouds (5)
   (You found it on level 1 of the Shoals)
 T - a wand of charming (6)
   (You found it on level 2 of the Lair of Beasts)
 V - a wand of iceblast (49)
   (You found it on level 3 of the Lair of Beasts)
Scrolls
 l - 7 scrolls of fog
 t - 18 scrolls of teleportation
 x - a scroll of revelation
 z - 6 scrolls of blinking
 H - 4 scrolls of immolation
 I - 4 scrolls of vulnerability
 U - 2 scrolls of fear
Potions
 d - 3 potions of might
 h - 5 potions of haste
 j - 7 potions of mutation
 n - 6 potions of resistance
 q - 22 potions of curing
 r - 3 potions of cancellation
 s - 3 potions of agility
 w - 10 potions of heal wounds
 C - 9 potions of lignification
 K - 3 potions of ambrosia
 R - 2 potions of magic
 X - 2 potions of invisibility
 Y - 8 potions of flight
Miscellaneous
 i - 3 phantom mirrors
 Q - a lamp of fire
   (You found it on level 2 of the Depths)
 S - a fan of gales (2/2)
   (You found it in a bailey)
 W - a lightning rod (4/4)
   (You found it on level 6 of the Lair of Beasts)
Comestibles
 e - 29 rations {!d}


   Skills:
 * Level 26.5 Fighting
 - Level 18.0 Axes
 - Level 16.0 Throwing
 + Level 16.3 Armour
 * Level 12.0 Dodging
 + Level 15.7 Shields
 - Level 12.0 Evocations


You had 26 spell levels left.
You didn't know any spells.
Your spell library was empty.

Dungeon Overview and Level Annotations

Branches:
Dungeon (12/12)            Temple (0/1) D:4            Lair (6/6) D:8
 Shoals (3/3) Lair:3       Spider (3/3) Lair:4        Slime (5/5) Orc
    Orc (1/1) D:9             Elf (2/3) Lair:6       Vaults (2/3) D:12
  Crypt (2/2) Vaults:1       Tomb (0/3) Crypt:2      Depths (5/5) D:12
    Zot (5/5) Depths:5

Altars:
Ashenzari
Elyvilon
Fedhas
Gozag
Hepliaklqana
Kikubaaqudgha
Lugonu
Nemelex Xobeh
Qazlal
Uskayaw
Vehumet
Wu Jian
Yredelemnul
Jiyva

Shops:
D:4 !}*!   D:5 ?   D:10 *   Orc =:!%   Elf:2 *   Shoals:2 (   Vaults:1 }
Vaults:2 !   Depths:1 [=[

Portals:
Hell: Depths:1 Depths:2 Depths:3 Depths:4 Depths:5
Abyss: Depths:4
Pandemonium: Depths:1 Depths:3 Depths:5
Ziggurat: Depths:3

Annotations:
D:10 2 runed translucent doors, Galewind's ghost, journeyman AvCj
D:11 3 runed translucent doors
Shoals:2 2 transporters, Wano's ghost, adept DrTm
Spider:1 exclusion: orange crystal statue


Innate Abilities, Weirdness & Mutations

You cannot wear boots.
You can swim through water.
Your serpentine skin is tough. (AC +9)
You have supernaturally acute eyesight. (SInv)
Armour fits poorly on your strangely shaped body.
Your system is resistant to poisons. (rPois)
You cover ground very slowly.
You have a slow metabolism.
You can spit poison.
You can use your snake-like lower body to constrict enemies.
You have a pair of horns on your head.
You are partially covered in icy blue scales. (AC +2)
You occasionally shout uncontrollably at your foes.
You are weak. (Str -2)


Message History

Your extra speed is starting to run out.
Throwing (i - inventory. (/) - cycle)
P - 489 javelins (quivered)
Press: ? - help, Shift-Dir - straight line, f/p - lorocyproca
Aim: a lorocyproca (moderately wounded, slightly transparent, absorbing vital energies)
You throw a javelin. The javelin hits the lorocyproca!!
The lorocyproca is heavily wounded.
Throwing (i - inventory. (/) - cycle)
P - 488 javelins (quivered)
Press: ? - help, Shift-Dir - straight line, f/p - lorocyproca
Aim: a lorocyproca (heavily wounded, slightly transparent, absorbing vital energies)
You throw a javelin. The javelin hits the lorocyproca!!
The lorocyproca is almost dead.
Throwing (i - inventory. (/) - cycle)
P - 487 javelins (quivered)
Press: ? - help, Shift-Dir - straight line, f/p - lorocyproca
Aim: a lorocyproca (almost dead, slightly transparent, absorbing vital energies)
You throw a javelin.
The javelin hits the infernal black sun!!
The infernal black sun is lightly wounded.
Throwing (i - inventory. (/) - cycle)
P - 486 javelins (quivered)
Press: ? - help, Shift-Dir - straight line, f/p - infernal black sun
Aim: an infernal black sun, wielding a +0 morningstar, wearing a +0 chain mail and wearing a +0 buckler (lightly wounded, absorbing vital energies)
You throw a javelin.
The infernal black sun blocks the javelin.
Throwing (i - inventory. (/) - cycle)
P - 485 javelins (quivered)
Press: ? - help, Shift-Dir - straight line, f/p - infernal black sun
Aim: an infernal black sun, wielding a +0 morningstar, wearing a +0 chain mail and wearing a +0 buckler (lightly wounded, absorbing vital energies)
You throw a javelin. The javelin hits the lorocyproca!!
You kill the lorocyproca!
Trog accepts your kill.
Throwing (i - inventory. (/) - cycle)
P - 484 javelins (quivered)
Press: ? - help, Shift-Dir - straight line, f - infernal black sun
Aim: an infernal black sun, wielding a +0 morningstar, wearing a +0 chain mail and wearing a +0 buckler (lightly wounded, absorbing vital energies)
You throw a javelin.
The javelin hits the infernal black sun!!!
The infernal black sun is severely wounded.
Throwing (i - inventory. (/) - cycle)
P - 483 javelins (quivered)
Press: ? - help, Shift-Dir - straight line, f/p - infernal black sun
Aim: an infernal black sun, wielding a +0 morningstar, wearing a +0 chain mail and wearing a +0 buckler (severely wounded, absorbing vital energies)
You throw a javelin.
The javelin hits the infernal black sun!!!
You kill the infernal black sun!
Trog accepts your kill.
No target in view!
You feel as though your hastened speed will last longer.
Your extra speed is starting to run out.
A red devil and a balrug come into view.
The balrug shouts!
A sun demon comes into view.
The balrug moves out of view.
The red devil hops backward while attacking.
You block the red devil's attack.
Your plate armour prevents you from hitting the balrug.
You grab the balrug. You constrict the balrug.
You open the balrug like a pillowcase!!!
The balrug is heavily wounded.
You constrict the balrug. The balrug gestures at you. Something smites you!
You barely miss the balrug.
The balrug is severely wounded.
You constrict the balrug. You block the balrug's attack.
You chop the balrug into pieces!!!
You kill the balrug!
Trog accepts your kill.
You feel yourself slow down.
You slice the sun demon!! Your grab misses the sun demon.
The sun demon is heavily wounded.
You block the red devil's attack.
You hit the sun demon but do no damage. You grab the sun demon.
The sun demon is heavily wounded.
You constrict the sun demon. You block the sun demon's attack.
The red devil barely misses you.
You hit the sun demon.
You headbutt the sun demon, but do no damage.
The sun demon is heavily wounded.
You constrict the sun demon. You block the sun demon's attack.
You cut the sun demon into ribbons!!!
You kill the sun demon!
Trog accepts your kill.
The red devil hits you but does no damage.
The red devil hops backward while attacking.
The red devil hits you but does no damage.
You see here a +0 demon blade.
You feel yourself speed up. You block the red devil's attack.
The red devil hops backward while attacking.
You block the red devil's attack.
You barely miss the red devil. You grab the red devil.
You headbutt the red devil, but do no damage.
You constrict the red devil. You block the red devil's attack.
You hit the red devil but do no damage.
The red devil is lightly wounded.
You constrict the red devil. You slice the red devil!!
Lightning courses through the red devil!
You kill the red devil!
Trog accepts your kill.
You see here a +0 demon trident.
There is an open door here.
There is a staircase leading out of the dungeon here.
The power of the Orb breaks the dimensional shunt like a soap bubble!
You have escaped!

#############
########...)........
#.....##...##.######
#.....##.≈.##.# #
#.....##)≈.##.# #
#.....'..≈.##.# #
#.....##.≈.##.# #
#.....##...##.#### #
#..@..##...#.....# #
#.....##.8.#..##.# #
########...#...#.# #
########.###.###
#.......>.......
#.######........
######.# #..##.###
#......# #..##.###
#.###### #..#.....


There were no monsters in sight!

Vanquished Creatures
  Dissolution (Slime:4)
  the Royal Jelly (Slime:5)
  2 juggernauts (Depths:4)
  5 ancient liches
  3 orbs of fire (Zot:5)
  Boris (Depths:5)
  4 golden dragons
  12 Killer Klowns
  8 caustic shrikes (Depths:4)
  2 rockslimes
  A bone dragon (Crypt:2)
  A Shadow Fiend (D:5)
  4 electric golems
  An Orb Demon (Zot:5)
  28 Orb Guardians
  8 liches
  6 tentacled monstrosities
  A wendigo (Depths:4)
  Jorgrun (Elf:2)
  A titan (Depths:4)
  A quicksilver dragon (Zot:5)
  11 acid blobs
  4 death cobs
  3 ancient champions (Crypt:2)
  7 shadow dragons
  3 sphinxes
  5 ghouls (Crypt:2)
  2 tengu reavers
  Donald (Spider:1)
  Kirke (Lair:3)
  4 draconian monks
  A draconian knight (Zot:2)
  5 storm dragons
  2 revenants (Crypt:1)
  11 fire giants
  An azure jelly (shapeshifter) (Depths:3)
  8 frost giants
  2 azure jellies
  2 balrugs
  4 ghost moths
  3 deep elf sorcerers
  A cacodemon (Depths:4)
  3 curse skulls
  2 iron dragons
  A vault warden (Vaults:2)
  4 draconian stormcallers
  2 emperor scorpions (Spider:3)
  A draconian shifter (Zot:2)
  2 jiangshi (Crypt:1)
  3 reapers
  2 spriggan defenders
  26 stone giants
  An eye of devastation (Depths:3)
  8 ironheart preservers
  3 draconian scorchers
  34 very ugly things
  6 vampire knights
  A black sun (D:1)
  3 white draconians
  9 red draconians
  3 purple draconians
  3 black draconians
  A deep elf annihilator (Vaults:2)
  8 spark wasps
  An entropy weaver (Spider:3)
  3 green draconians
  5 yellow draconians
  2 lorocyprocas
  2 dire elephants (Lair:6)
  An eidolon (Crypt:1)
  6 merfolk javelineers
  13 ettins
  2 deep elf death magi
  15 fire dragons
  Josephine (Lair:5)
  3 merfolk impalers (Shoals:3)
  A deep elf high priest (Depths:5)
  12 yaktaur captains
  3 rakshasas
  A vault guard (D:12)
  5 hydras
  18 great orbs of eyes
  5 spriggan air magi
  5 ogre magi
  4 merfolk avatars
  11 ice dragons
  A catoblepas (Lair:6)
  An alligator snapping turtle (Shoals:3)
  A shadow wraith (Crypt:2)
  8 two-headed ogres
  6 merfolk aquamancers
  Erica (D:11)
  8 sea snakes
  A death knight (Vaults:1)
  9 deep troll shamans
  26 dancing weapons
  An alligator (Lair:5)
  6 death yaks
  2 ancient automatons
  8 tengu warriors
  6 hell hogs
  3 spriggan berserkers
  6 vampire magi
  6 deep troll earth magi
  2 satyrs (Shoals:2)
  A large abomination (Depths:4)
  8 orc high priests (Orc)
  3 sun demons
  20 deep elf knights
  Nergalle (D:9)
  19 deep trolls
  A quicksilver dragon simulacrum (Depths:2)
  A storm dragon skeleton (Crypt:1)
  A skeletal warrior (Crypt:2)
  A sixfirhy (D:8)
  17 centaur warriors
  6 hell knights (Vaults:2)
  8 glowing orange brains
  A glowing orange brain (shapeshifter) (Depths:5)
  A shadow demon (Depths:5)
  3 iron trolls
  A golden dragon zombie (Crypt:1)
  5 wizards
  2 gelid demonspawn
  A tengu zombie (Depths:2)
  2 infernal demonspawn
  An unseen horror (D:10)
  A lindwurm (shapeshifter) (Elf:2)
  A swamp dragon (Lair:6)
  5 deep elf archers
  9 necromancers
  4 flayed ghosts
  A lindwurm (Lair:6)
  13 phantasmal warriors
  3 cyclopes
  A sphinx zombie (Vaults:1)
  A cyclops (shapeshifter) (Depths:5)
  Pikel (D:9)
  The ghost of KristoblXynda the Conjurer, a novice DrCj (D:5)
  A golden dragon skeleton (Crypt:1)
  7 harpies
  14 orb spiders
  4 ironheart convokers
  An orange crystal statue (Spider:2)
  28 ugly things
  2 wolf spider zombies (D:12)
  41 deep elf magi
  25 wolf spiders
  12 fauns
  An orc sorcerer (D:12)
  A frost giant zombie (Crypt:1)
  4 shining eyes
  An oklob plant (Lair:2)
  A salamander (Depths:5)
  3 human zombies
  A salamander (shapeshifter) (Depths:3)
  17 manticores
  14 elephants
  A stone giant skeleton (Crypt:2)
  An elephant (shapeshifter) (Depths:4)
  7 merfolk sirens
  A moth of wrath (shapeshifter) (Elf:1)
  2 fire giant skeletons
  14 moths of wrath
  2 guardian serpents (shapeshifter)
  8 black mambas
  2 black mambas (shapeshifter)
  5 vault sentinels
  A gargoyle (D:12)
  6 water nymphs
  6 rime drakes (Lair:6)
  9 cane toads
  2 ice statues (IceCv)
  2 orange demons
  11 demonic crawlers
  33 jumping spiders
  2 torpor snails
  A pale draconian zombie (Crypt:2)
  A hellion (Depths:1)
  14 komodo dragons
  A tormentor (Zot:4)
  2 rime drakes (shapeshifter)
  36 yaktaurs
  A flying skull (Crypt:2)
  A freezing wraith (Vaults:1)
  3 tengu conjurers
  2 wolf spider simulacra
  10 ice devils
  A red devil (D:1)
  6 trolls
  A green draconian skeleton (Crypt:2)
  16 merfolk
  6 wind drakes
  4 hornets
  2 harpy skeletons (D:12)
  Grinder (D:4)
  Prince Ribbit (D:7)
  A wind drake (shapeshifter) (Vaults:1)
  A frost giant simulacrum (Vaults:1)
  A dream sheep (shapeshifter) (Vaults:1)
  8 snapping turtles
  A bog body (Crypt:2)
  10 blink frogs
  2 ettin zombies
  20 dream sheep
  13 hippogriffs
  72 slime creatures
  A black mamba zombie (Crypt:1)
  A fire dragon zombie (Depths:1)
  4 air elementals (Elf:1)
  3 ettin skeletons
  A shadow (Crypt:1)
  2 spriggans
  15 tarantellas
  2 tarantellas (shapeshifter) (Depths:2)
  A vampire (D:11)
  2 spriggans (shapeshifter)
  56 yaks
  8 water elementals
  A black mamba skeleton (Crypt:1)
  4 wraiths
  3 fire elementals (Elf:2)
  2 golden eyes (Slime:3)
  A hog (Lair:3)
  A steam dragon (Lair:6)
  3 basilisks
  7 wyverns
  2 hungry ghosts
  49 redbacks
  A neqoxec (D:6)
  A yaktaur simulacrum (Vaults:1)
  3 chaos spawn
  2 acid dragons
  A vampire mosquito (D:12)
  An emperor scorpion simulacrum (Crypt:1)
  An acid dragon (shapeshifter) (D:10)
  4 wargs (Orc)
  A crocodile (shapeshifter) (D:12)
  18 crocodiles
  9 water moccasins
  A floating eye (Depths:3)
  10 porcupines
  A soldier ant (D:11)
  A hornet zombie (D:11)
  A meliai simulacrum (D:12)
  A swamp drake (Lair:6)
  A fire dragon simulacrum (Depths:1)
  A cane toad skeleton (Crypt:2)
  19 orc warriors
  5 ice beasts
  A sky beast (D:8)
  2 elephant zombies (Lair:5)
  8 boggarts
  2 phantoms
  14 ogres
  3 wolves (Lair:3)
  3 necrophages
  An elephant skeleton (Crypt:2)
  A bullfrog (shapeshifter) (D:12)
  11 bullfrogs
  A kobold brigand (D:9)
  A wyvern zombie (D:8)
  2 earth elementals (Elf:1)
  3 centaurs
  A wyvern skeleton (D:8)
  2 scorpions
  A water moccasin skeleton (D:10)
  8 killer bees (D:5)
  7 electric eels
  6 wights
  32 orc priests
  2 spriggan skeletons
  2 howler monkeys
  4 crimson imps
  A quasit (D:9)
  11 hounds
  11 jellies
  A black bear zombie (Crypt:2)
  A gnoll shaman (D:8)
  A basilisk zombie (Lair:5)
  An iron imp (Depths:5)
  8 iguanas
  17 orc wizards
  12 worker ants
  A hell rat (Lair:6)
  A porcupine skeleton (Crypt:2)
  A felid zombie (Crypt:1)
  A deep dwarf skeleton (Crypt:1)
  A hound skeleton (D:7)
  A howler monkey skeleton (D:6)
  A worker ant zombie (D:6)
  11 gnolls
  4 river rats (D:8)
  11 adders
  4 shadow imps
  13 white imps
  6 ufetubi (IceCv)
  A lava snake zombie (Crypt:2)
  2 oozes
  An adder skeleton (D:4)
  3 worms
  A barachi skeleton (Crypt:2)
  3 dart slugs
  8 leopard geckos
  76 orcs
  6 giant cockroaches
  6 goblins
  11 hobgoblins
  2 quokkas
  2 ball pythons
  9 bats
  2 frilled lizards (D:2)
  A giant cockroach zombie (Crypt:1)
  2 gnoll zombies (D:7)
  A jackal zombie (Crypt:2)
  27 kobolds
  5 rats
  4 fungi
  10 plants
1870 creatures vanquished.

Vanquished Creatures (collateral kills)
  Mennas (Depths:5)
  Margery (Vaults:2)
  Jory (Depths:2)
  A bone dragon (Depths:5)
  5 Orb Guardians (Zot:5)
  A draconian knight (Zot:2)
  2 vault wardens (Vaults:1)
  A deep elf elementalist (Elf:1)
  A stone giant (Depths:5)
  2 vampire knights (Crypt:1)
  An entropy weaver (Spider:2)
  A black draconian (Zot:3)
  A minotaur (shapeshifter) (Depths:1)
  5 red draconians (Zot:2)
  A yellow draconian (Zot:3)
  A deep elf death mage (Crypt:1)
  A yaktaur captain (Depths:1)
  A merfolk aquamancer (Shoals:3)
  A great orb of eyes (Depths:1)
  2 satyrs
  A two-headed ogre (Vaults:2)
  A vampire mage (Depths:5)
  3 centaur warriors (Vaults:1)
  A deep elf knight (Vaults:2)
  2 ironheart convokers
  A cyclops (Vaults:1)
  2 deep elf magi
  An orb spider (Spider:2)
  2 wolf spiders (Spider:2)
  2 fauns (Shoals:1)
  2 manticores (Shoals:1)
  A jumping spider (Spider:2)
  A demonic crawler (Spider:2)
  2 wind drakes
  A hornet (Spider:2)
  A tarantella zombie (Crypt:1)
  An air elemental (Elf:1)
  3 tarantellas (Spider:2)
  4 water elementals (Shoals:1)
  A wraith (Crypt:1)
  5 redbacks (Spider:2)
  A gelid demonspawn skeleton (Crypt:1)
  A manticore skeleton (Crypt:1)
  A shapeshifter zombie (Crypt:1)
72 creatures vanquished.

Vanquished Creatures (others)
  An ancient lich (Crypt:2)
  5 acid blobs
  A death cob (Zot:2)
  5 azure jellies (Slime:5)
  3 stone giants
  A white draconian (Zot:3)
  An ettin (Depths:5)
  A yaktaur captain (Depths:3)
  8 death oozes (Slime:5)
  A great orb of eyes (Slime:5)
  A hell hog (D:4)
  3 moths of wrath
  A rime drake (shapeshifter) (Depths:4)
  13 yaktaurs
  2 slime creatures (Slime:5)
  A water elemental (Shoals:2)
  2 humans (Lair:3)
  A porcupine (Lair:3)
  A slave (D:9)
  An iguana (D:9)
  A white imp (IceCv)
  3 ufetubi (IceCv)
  3 orcs (D:9)
  15 fungi
  43 plants
118 creatures vanquished.

Grand Total: 2060 creatures vanquished

Notes
Turn   | Place    | Note
-------+----------+-------------------------------------------
     0 | D:1      | Artagas the Naga Berserker began the quest for the Orb.
     0 | D:1      | Reached XP level 1. HP: 21/21 MP: 1/1
   414 | D:1      | Reached XP level 2. HP: 28/28 MP: 2/2
  1091 | D:2      | Found an ancient bone altar of Kikubaaqudgha.
  1099 | D:2      | Found an opulent altar of Gozag.
  1108 | D:2      | Found a corrupted altar of Lugonu.
  1214 | D:2      | Found a blossoming altar of Fedhas.
  1324 | D:2      | Reached XP level 3. HP: 34/34 MP: 3/3
  1629 | D:2      | Reached skill level 4 in Fighting
  1629 | D:2      | Reached skill level 4 in Axes
  1629 | D:2      | Reached XP level 4. HP: 33/44 MP: 4/4
  1769 | D:2      | Reached ** piety under Trog
  1923 | D:3      | Reached skill level 1 in Throwing
  2152 | D:3      | Found a radiant altar of Vehumet.
  2532 | D:3      | Reached XP level 5. HP: 49/50 MP: 5/5
  2573 | D:3      | Found a sparkling altar of Nemelex Xobeh.
  3076 | D:4      | Found a staircase to the Ecumenical Temple.
  3101 | D:4      | Found a shattered altar of Ashenzari.
  3171 | D:4      | Noticed Grinder
  3174 | D:4      | Found Vuruow's Distillery.
  3224 | D:4      | Found Kaixeg's Assorted Antiques.
  3238 | D:4      | Reached skill level 2 in Throwing
  3239 | D:4      | Found Yrelossiuta's Distillery.
  3256 | D:4      | Bought 2 potions of heal wounds for 100 gold pieces
  3256 | D:4      | Bought a potion of haste for 100 gold pieces
  3269 | D:4      | Found a glowing drain.
  3302 | Sewer    | Entered a sewer
  3308 | Sewer    | Reached XP level 6. HP: 37/58 MP: 6/6
  3400 | Sewer    | Noticed a crocodile
  3408 | Sewer    | Killed a crocodile
  3508 | D:4      | Reached skill level 5 in Axes
  3634 | D:4      | Reached skill level 5 in Fighting
  3713 | D:4      | Noticed a phantom
  3856 | D:4      | Killed a phantom
  3857 | D:4      | Reached skill level 3 in Throwing
  3857 | D:4      | Reached XP level 7. HP: 63/67 MP: 7/7
  4024 | D:4      | Found Fuckucil's Gadget Shop.
  4173 | D:4      | Bought a potion of heal wounds for 50 gold pieces
  4173 | D:4      | Bought a potion of heal wounds for 50 gold pieces
  4173 | D:4      | Bought a potion of degeneration for 10 gold pieces
  4347 | D:5      | Entered Level 5 of the Dungeon
  4402 | D:5      | Found a transporter.
  4411 | D:5      | Reached skill level 6 in Fighting
  4411 | D:5      | Found a transporter.
  4412 | D:5      | Noticed KristoblXynda's ghost (novice DrCj)
  4494 | D:5      | Reached skill level 6 in Axes
  4542 | D:5      | Reached XP level 8. HP: 76/76 MP: 8/8
  4628 | D:5      | Found Ate Voh's Magic Scroll Boutique.
  4681 | D:5      | Reached *** piety under Trog
  4869 | D:5      | Reached skill level 2 in Armour
  4869 | D:5      | Reached skill level 2 in Dodging
  5281 | D:5      | Bought a scroll of blinking for 75 gold pieces
  5281 | D:5      | Bought a scroll of teleportation for 30 gold pieces
  5349 | D:6      | Noticed a troll
  5361 | D:6      | Killed a troll
  5362 | D:6      | Reached skill level 4 in Throwing
  5464 | D:6      | Reached skill level 3 in Armour
  5464 | D:6      | Reached skill level 3 in Dodging
  5524 | D:6      | Reached skill level 7 in Fighting
  5524 | D:6      | Reached skill level 7 in Axes
  5524 | D:6      | Reached XP level 9. HP: 86/86 MP: 9/9
  6285 | D:6      | Reached skill level 4 in Armour
  6285 | D:6      | Reached skill level 4 in Dodging
  6480 | D:4      | Bought a potion of heal wounds for 50 gold pieces
  6480 | D:4      | Bought a potion of curing for 25 gold pieces
  6651 | D:7      | Reached **** piety under Trog
  6925 | D:7      | Reached skill level 1 in Evocations
  7056 | D:7      | Noticed Prince Ribbit
  7233 | D:7      | Killed Prince Ribbit
  7234 | D:7      | Reached skill level 8 in Fighting
  7234 | D:7      | Reached skill level 8 in Axes
  7401 | D:7      | Found an ornate altar of the Wu Jian Council.
  7545 | D:7      | Reached skill level 2 in Evocations
  7776 | D:7      | Found a basalt altar of Yredelemnul.
  7880 | D:8      | Noticed a troll
  7887 | D:8      | Killed a troll
  7888 | D:8      | Reached XP level 10. HP: 98/98 MP: 10/12
  7959 | D:8      | Reached skill level 3 in Evocations
  7997 | D:8      | Noticed a cyan ugly thing
  8021 | D:8      | Killed a cyan ugly thing
  8311 | D:8      | Found a stormy altar of Qazlal.
  8356 | D:8      | Reached skill level 4 in Evocations
  8409 | D:8      | Reached skill level 9 in Fighting
  8551 | D:8      | Noticed a death yak
  8562 | D:8      | Noticed a death yak
  8563 | D:8      | Killed a death yak
  8564 | D:8      | Reached skill level 9 in Axes
  8575 | D:8      | Found a white marble altar of Elyvilon.
  8946 | D:8      | Found a staircase to the Lair.
  9202 | D:5      | Bought a scroll of blinking for 75 gold pieces
  9202 | D:5      | Bought a scroll of fog for 20 gold pieces
  9202 | D:5      | Bought a scroll of identify for 20 gold pieces
  9204 | D:5      | Bought a scroll of identify for 20 gold pieces
  9283 | Lair:1   | Entered Level 1 of the Lair of Beasts
  9350 | Lair:1   | Noticed a cane toad
  9362 | Lair:1   | Killed a cane toad
  9563 | Lair:1   | Reached skill level 10 in Fighting
  9563 | Lair:1   | Reached skill level 10 in Axes
  9619 | Lair:1   | Noticed a five-headed hydra
  9623 | Lair:1   | Noticed a cane toad
  9658 | Lair:2   | Noticed a cane toad
  9666 | Lair:2   | Killed a cane toad
  9667 | Lair:2   | Reached XP level 11. HP: 109/109 MP: 14/14
 10034 | Lair:2   | HP: 19/165 [blink frog (10)]
 10540 | Lair:2   | Noticed an oklob plant
 10557 | Lair:2   | Killed an oklob plant
 10685 | Lair:3   | Reached skill level 11 in Axes
 10692 | Lair:3   | Reached skill level 11 in Fighting
 10735 | Lair:3   | Noticed Kirke
 10736 | Lair:3   | Noticed a manticore
 10748 | Lair:3   | Killed Kirke
 10947 | Lair:3   | Noticed an eight-headed hydra
 11083 | Lair:3   | Found the +4 serpentine sling {petrify}
 11208 | Lair:3   | Reached skill level 5 in Throwing
 11407 | D:8      | Noticed a death yak
 11424 | D:8      | Killed a death yak
 11425 | D:8      | Reached skill level 5 in Armour
 11425 | D:8      | Reached XP level 12. HP: 120/120 MP: 15/15
 11436 | D:8      | Killed a death yak
 11437 | D:8      | Reached skill level 12 in Axes
 11508 | D:9      | Noticed Nergalle
 11641 | D:9      | Reached skill level 1 in Shields
 11790 | D:9      | Reached ***** piety under Trog
 11850 | D:9      | Found a staircase to the Orcish Mines.
 11974 | D:9      | Noticed Pikel
 11988 | D:9      | Killed Nergalle
 11989 | D:9      | Killed Pikel
 12121 | D:9      | Found a portal to a secret trove of treasure.
 12273 | D:9      | Found a hazy altar of Hepliaklqana.
 12502 | D:4      | Bought a spiked ring mail for 225 gold pieces
 12512 | D:4      | Identified the +2 ring mail of Chimes {Dex+7} (You bought
                  | it in a shop on level 4 of the Dungeon)
 12621 | D:10     | Entered Level 10 of the Dungeon
 12679 | D:10     | Reached skill level 6 in Throwing
 12679 | D:10     | Reached skill level 2 in Shields
 12770 | D:10     | Found a runed translucent door.
 12780 | D:10     | Noticed a frost giant
 12780 | D:10     | Noticed a lich
 12780 | D:10     | Noticed Galewind's ghost (journeyman AvCj)
 12785 | D:10     | Found a runed translucent door.
 12997 | D:10     | Found Ovybla Guri's Changing Room.
 13557 | D:10     | Reached skill level 12 in Fighting
 13966 | D:11     | Received a gift from Trog
 13984 | D:11     | Reached skill level 6 in Armour
 13989 | D:11     | Reached skill level 13 in Axes
 14062 | D:11     | Found a flagged portal.
 14073 | D:11     | Gained mutation: You can use your snake-like lower body to
                  | constrict enemies. [Naga growth]
 14073 | D:11     | Reached XP level 13. HP: 113/129 MP: 16/16
 14098 | Bailey   | Entered a bailey
 14160 | Bailey   | Reached skill level 3 in Shields
 14532 | D:11     | Found a runed translucent gate.
 14532 | D:11     | Found a runed translucent gate.
 14532 | D:11     | Found a runed translucent gate.
 14533 | D:11     | Noticed a purple very ugly thing
 14535 | D:11     | Noticed a purple very ugly thing
 14808 | D:11     | Noticed Erica
 14819 | D:11     | Killed Erica
 16546 | Lair:3   | Reached skill level 7 in Throwing
 16679 | Lair:3   | Found a staircase to the Shoals.
 16971 | Lair:4   | Reached skill level 4 in Shields
 17419 | Lair:4   | Found a hole to the Spider Nest.
 17427 | Lair:4   | Received a gift from Trog
 17613 | Lair:4   | Reached skill level 14 in Axes
 17622 | Lair:4   | Reached skill level 7 in Armour
 18261 | Lair:5   | Reached XP level 14. HP: 139/139 MP: 17/17
 18282 | Lair:5   | Got a steaming hat
 18306 | Lair:5   | Identified the +2 hat "Bolan" {Str+3} (You found it on
                  | level 5 of the Lair of Beasts)
 18578 | Lair:5   | Reached skill level 5 in Shields
 18584 | Lair:5   | Noticed Josephine
 18589 | Lair:5   | Killed Josephine
 19011 | Lair:5   | Reached skill level 8 in Throwing
 19089 | Lair:5   | Reached skill level 13 in Fighting
 19431 | Lair:6   | Entered Level 6 of the Lair of Beasts
 19442 | Lair:6   | Reached skill level 15 in Axes
 19625 | Lair:6   | Received a gift from Trog
 19858 | Lair:6   | Noticed a dire elephant
 19868 | Lair:6   | Killed a dire elephant
 20104 | Lair:6   | Reached skill level 16 in Axes
 20431 | Lair:6   | Noticed a dire elephant
 20445 | Lair:6   | Killed a dire elephant
 20630 | Lair:6   | Reached XP level 15. HP: 133/147 MP: 18/18
 20667 | Lair:6   | Found a staircase to the Elven Halls.
 20684 | Lair:6   | Reached skill level 17 in Axes
 21315 | Lair:6   | Got a buzzing flail
 21386 | Lair:6   | Identified the +11 flail of the Ecumenical Temple {freeze,
                  | Str+3 Dex+4} (You found it on level 6 of the Lair of
                  | Beasts)
 21607 | D:12     | Entered Level 12 of the Dungeon
 21641 | D:12     | Received a gift from Trog
 21733 | D:12     | Found a frozen archway.
 21787 | IceCv    | Entered an ice cave
 22218 | IceCv    | Got an iridescent long sword
 22596 | D:12     | Reached skill level 18 in Axes
 23059 | D:12     | Found a staircase to the Depths.
 23067 | D:12     | Received a gift from Trog
 23083 | D:12     | Reached skill level 5 in Evocations
 23119 | D:12     | Got an ichor-stained shortbow {god gift}
 23122 | D:12     | Identified the +8 shortbow of Ciownatu {speed, Int+5} (Trog
                  | gifted it to you on level 12 of the Dungeon)
 23404 | D:12     | Found a hide-covered altar of Uskayaw.
 23767 | D:12     | Found a gate to the Vaults.
 23889 | Orc      | Entered the Orcish Mines
 23897 | Orc      | Reached skill level 9 in Throwing
 24040 | Orc      | Found a viscous altar of Jiyva.
 24040 | Orc      | Found a staircase to the Slime Pits.
 24060 | Orc      | Reached skill level 8 in Armour
 24149 | Orc      | Reached XP level 16. HP: 135/157 MP: 19/19
 24163 | Orc      | Reached ****** piety under Trog
 24175 | Orc      | Found Vocw's Food Emporium.
 24175 | Orc      | Found Afaceac's Distillery.
 24294 | Orc      | Bought a potion of heal wounds for 65 gold pieces
 24294 | Orc      | Bought a potion of haste for 130 gold pieces
 24294 | Orc      | Bought a potion of experience for 650 gold pieces
 24294 | Orc      | Bought a potion of curing for 32 gold pieces
 24294 | Orc      | Reached skill level 14 in Fighting
 24294 | Orc      | Reached skill level 9 in Armour
 24294 | Orc      | Reached XP level 17. HP: 166/166 MP: 20/20
 24304 | Orc      | Found a roughly hewn altar of Beogh.
 24334 | Orc      | Found Gaynk's Book Emporium.
 24334 | Orc      | Found Zaqohat's Jewellery Boutique.
 24349 | Orc      | Received a gift from Trog
 25186 | Spider:1 | Entered Level 1 of the Spider Nest
 25560 | Spider:1 | Reached skill level 15 in Fighting
 27079 | Spider:2 | Received a gift from Trog
 27406 | D:5      | Bought a scroll of enchant weapon for 75 gold pieces
 27406 | D:5      | Bought a scroll of enchant armour for 75 gold pieces
 27406 | D:5      | Bought a scroll of enchant armour for 75 gold pieces
 27601 | Spider:2 | Noticed Donald
 27605 | Spider:2 | Reached skill level 16 in Fighting
 27624 | Spider:1 | Killed Donald
 27916 | Spider:2 | Reached skill level 6 in Shields
 28459 | Spider:3 | Entered Level 3 of the Spider Nest
 28488 | Spider:2 | Received a gift from Trog
 28721 | Spider:3 | Reached skill level 7 in Shields
 28962 | Spider:3 | Reached XP level 18. HP: 152/183 MP: 21/21
 29133 | Spider:3 | Reached skill level 17 in Fighting
 29217 | Spider:3 | Reached skill level 8 in Shields
 29873 | Spider:3 | Identified a lightning rod (4/4) (You found it on level 6
                  | of the Lair of Beasts)
 29873 | Spider:3 | Got a gossamer rune of Zot
 30013 | Shoals:1 | Entered Level 1 of the Shoals
 30426 | Shoals:1 | Received a gift from Trog
 31583 | Shoals:2 | Found a transporter.
 31604 | Shoals:2 | Found Ovoahouq's Antique Weapon Boutique.
 31615 | Shoals:2 | Identified the +1 broad axe "Kiagh" {venom, MR++ Str-3
                  | Int+3} (Trog gifted it to you on level 2 of the Shoals)
 31615 | Shoals:2 | Received a gift from Trog
 31758 | Shoals:2 | Reached skill level 9 in Shields
 31927 | Shoals:2 | Reached skill level 10 in Throwing
 32103 | Shoals:2 | Found a transporter.
 32104 | Shoals:2 | Noticed Wano's ghost (adept DrTm)
 32368 | Shoals:3 | Entered Level 3 of the Shoals
 33028 | Shoals:3 | Reached skill level 10 in Armour
 33748 | Shoals:3 | Reached XP level 19. HP: 193/193 MP: 22/22
 33990 | Shoals:3 | Received a gift from Trog
 34104 | Shoals:3 | Got a barnacled rune of Zot
 34524 | Vaults:1 | Entered Level 1 of the Vaults
 34529 | Vaults:1 | Identified the ring of Compassion {Fire Int+3}
 34933 | Vaults:1 | Found a staircase to the Crypt.
 34933 | Vaults:1 | Found an ancient bone altar of Kikubaaqudgha.
 34934 | Vaults:1 | Found a basalt altar of Yredelemnul.
 35001 | Vaults:1 | Reached skill level 18 in Fighting
 35278 | Vaults:1 | Reached skill level 10 in Shields
 35301 | Vaults:1 | Reached skill level 11 in Throwing
 35558 | Vaults:1 | Received a gift from Trog
 35678 | Vaults:1 | Reached skill level 11 in Armour
 35911 | Vaults:1 | Found Juvvodobb's Gadget Emporium.
 36450 | Vaults:2 | Found Saatui's Distillery.
 36677 | Vaults:2 | Reached skill level 19 in Fighting
 36820 | Vaults:2 | Reached XP level 20. HP: 194/208 MP: 23/23
 37032 | Vaults:2 | Identified the +9 arbalest of Rawim {elec, rElec rN+ Str+2}
 37110 | Vaults:2 | Received a gift from Trog
 37557 | Vaults:2 | Noticed Margery
 37566 | Vaults:2 | Killed Margery
 37567 | Vaults:2 | Reached skill level 20 in Fighting
 37584 | Vaults:2 | Reached skill level 6 in Evocations
 37856 | D:9      | You paid a toll of a +5 demon whip to enter a treasure
                  | trove
 37857 | Trove    | Entered a treasure trove
 38462 | Vaults:2 | Reached skill level 7 in Evocations
 38747 | Vaults:2 | Reached skill level 8 in Evocations
 39475 | Elf:1    | Entered Level 1 of the Elven Halls
 39790 | Elf:1    | Received a gift from Trog
 41375 | Crypt:1  | Entered Level 1 of the Crypt
 41629 | Crypt:1  | Received a gift from Trog
 42083 | Crypt:1  | Reached XP level 21. HP: 207/220 MP: 27/27
 42932 | Crypt:2  | Entered Level 2 of the Crypt
 43439 | Crypt:2  | Noticed a bone dragon
 43457 | Crypt:2  | Killed a bone dragon
 44128 | Crypt:2  | Found a staircase to the Tomb.
 44288 | Crypt:2  | Noticed an ancient lich
 44288 | Crypt:2  | Noticed an ancient lich
 44291 | Crypt:2  | Identified the ring "Goel" {Wiz MP+9 Dex+8 Slay-4 Stlth+}
                  | (You found it on level 2 of the Crypt)
 44714 | Crypt:2  | Reached skill level 12 in Throwing
 44969 | Crypt:2  | Killed an ancient lich
 44970 | Crypt:2  | Reached skill level 21 in Fighting
 44970 | Crypt:2  | Reached skill level 11 in Shields
 45044 | Crypt:2  | Killed an ancient lich
 45317 | Depths:1 | Entered Level 1 of the Depths
 45326 | Depths:1 | Received a gift from Trog
 45327 | Depths:1 | Reached skill level 12 in Armour
 45754 | Depths:1 | Found a blossoming altar of Fedhas.
 45761 | Depths:1 | Found Pif Xuim's Antique Armour Boutique.
 45941 | Depths:1 | Noticed a rockslime
 45952 | Depths:1 | Killed a rockslime
 46280 | D:5      | Killed KristoblXynda's ghost
 46963 | Depths:1 | Found Mikh's Jewellery Shop.
 46974 | Depths:1 | Reached XP level 22. HP: 232/232 MP: 28/28
 47127 | Depths:1 | Found a one-way gate leading to the halls of Pandemonium.
 47408 | Depths:1 | Found Mased's Antique Armour Emporium.
 47479 | Depths:1 | Found a gateway to Hell.
 47829 | Depths:2 | Received a gift from Trog
 48606 | Depths:2 | Reached skill level 22 in Fighting
 48869 | Depths:2 | Reached skill level 13 in Throwing
 49093 | Depths:3 | Reached skill level 12 in Shields
 49097 | Depths:3 | Reached skill level 9 in Evocations
 49319 | Depths:3 | Noticed a golden dragon
 49335 | Depths:3 | Killed a golden dragon
 49395 | Depths:3 | Reached XP level 23. HP: 243/243 MP: 30/30
 49494 | Depths:1 | Bought ichor-stained gold dragon scales for 1870 gold
                  | pieces
 49494 | Depths:1 | Identified the cursed +0 gold dragon scales of the Stained
                  | Elephant {rPois rF+ rC+ MR+ Int+7} (You bought it in a shop
                  | on level 1 of the Depths)
 49785 | Depths:3 | Noticed Jory
 49810 | Depths:2 | Killed Jory
 50013 | Depths:3 | Noticed a Killer Klown
 50021 | Depths:3 | Killed a Killer Klown
 50072 | Depths:3 | Reached skill level 13 in Armour
 50359 | Depths:3 | Reached skill level 10 in Evocations
 51033 | Depths:3 | Found a gateway to a ziggurat.
 51292 | Depths:4 | Found a one-way gate to the infinite horrors of the Abyss.
 51503 | Depths:4 | Noticed a Killer Klown
 51512 | Depths:4 | Killed a Killer Klown
 51558 | Depths:4 | Received a gift from Trog
 52136 | Depths:4 | Reached skill level 11 in Evocations
 52597 | Depths:4 | Noticed a caustic shrike
 52601 | Depths:4 | Noticed a caustic shrike
 52606 | Depths:4 | Noticed a caustic shrike
 52609 | Depths:4 | Killed a caustic shrike
 52611 | Depths:4 | Killed a caustic shrike
 52612 | Depths:4 | Reached XP level 24. HP: 209/255 MP: 31/31
 52615 | Depths:4 | Killed a caustic shrike
 52619 | Depths:4 | Noticed a golden dragon
 52637 | Depths:4 | Killed a golden dragon
 52900 | Depths:4 | Received a gift from Trog
 52905 | Depths:4 | Reached skill level 23 in Fighting
 52937 | Depths:4 | Noticed a juggernaut
 52965 | Depths:4 | Killed a juggernaut
 52980 | Depths:4 | Reached skill level 12 in Evocations
 52981 | Depths:4 | Reached skill level 14 in Throwing
 53147 | Depths:4 | Noticed a golden dragon
 53160 | Depths:4 | Killed a golden dragon
 53377 | Depths:4 | Noticed a caustic shrike
 53377 | Depths:4 | Noticed a caustic shrike
 53377 | Depths:4 | Noticed a caustic shrike
 53377 | Depths:4 | Noticed a caustic shrike
 53377 | Depths:4 | Noticed a caustic shrike
 53393 | Depths:4 | Noticed a golden dragon
 53395 | Depths:4 | Killed a caustic shrike
 53396 | Depths:4 | Reached skill level 13 in Shields
 53399 | Depths:4 | Killed a caustic shrike
 53400 | Depths:4 | Killed a caustic shrike
 53410 | Depths:4 | Killed a golden dragon
 53418 | Depths:4 | Killed a caustic shrike
 53865 | Depths:4 | Killed a caustic shrike
 54146 | Depths:4 | Noticed a juggernaut
 54158 | Depths:4 | Killed a juggernaut
 54159 | Depths:4 | Reached skill level 14 in Armour
 54741 | Elf:2    | Received a gift from Trog
 54752 | Elf:2    | Reached XP level 25. HP: 267/267 MP: 32/32
 54828 | Elf:2    | Found Hausar's General Store.
 54867 | Elf:2    | Bought a potion of haste for 120 gold pieces
 54867 | Elf:2    | Bought a scroll of teleportation for 36 gold pieces
 54879 | Elf:2    | Identified the +2 robe of Activism {rPois}
 55281 | Elf:2    | Found a runed gate.
 55281 | Elf:2    | Found a runed gate.
 55281 | Elf:2    | Found a runed gate.
 56190 | Elf:2    | Noticed Jorgrun
 56198 | Elf:2    | Killed Jorgrun
 56555 | Slime:1  | Entered Level 1 of the Pits of Slime
 56580 | Slime:2  | Reached skill level 24 in Fighting
 57011 | Slime:3  | Received a gift from Trog
 57281 | Slime:4  | Noticed Dissolution
 57298 | Slime:4  | Killed Dissolution
 57299 | Slime:4  | Reached skill level 15 in Throwing
 57363 | Slime:5  | Entered Level 5 of the Pits of Slime
 57681 | Slime:5  | Found the +0 sword of Power
 57781 | Slime:5  | Noticed the Royal Jelly
 57815 | Slime:5  | Killed the Royal Jelly
 58087 | Slime:5  | Found the +8 plutonium sword {irradiate, +Channel *Contam
                  | MR+ Stlth-}
 58090 | Slime:5  | Identified the +8 falchion of Rytragi {slice, Str+3 SInv}
 58203 | Slime:5  | Got a slimy rune of Zot
 58248 | Slime:5  | Reached skill level 14 in Shields
 58322 | Slime:5  | Identified the amulet of the Catfish {Reflect Str+4 SH+6}
 58327 | Slime:5  | Identified the amulet "Doreirgh" {Acrobat *Slow Dex+8
                  | Slay+3}
 58533 | Slime:5  | Identified the +4 long sword of the Destroying Oracle
                  | {elec, +Fly rF+ rC-}
 59282 | Depths:5 | Entered Level 5 of the Depths
 59331 | Depths:5 | Noticed Mennas
 59344 | Depths:5 | Killed Mennas
 59357 | Depths:5 | Noticed Boris
 59368 | Depths:5 | Killed Boris
 59369 | Depths:5 | Reached XP level 26. HP: 279/279 MP: 32/32
 59807 | Depths:5 | Received a gift from Trog
 60069 | Depths:5 | Noticed a Killer Klown
 60080 | Depths:5 | Killed a Killer Klown
 60081 | Depths:5 | Reached skill level 15 in Armour
 60292 | Depths:5 | Found a gate to the Realm of Zot.
 60813 | Zot:1    | Entered Level 1 of the Realm of Zot
 60825 | Zot:1    | Reached skill level 5 in Dodging
 60837 | Depths:5 | Reached skill level 25 in Fighting
 61260 | Orc      | Bought a potion of experience for 650 gold pieces
 61260 | Orc      | Reached skill level 6 in Dodging
 61260 | Orc      | Reached XP level 27. HP: 290/290 MP: 32/32
 61386 | D:4      | Bought 2 potions of mutation for 160 gold pieces
 61425 | D:4      | Bought a potion of resistance for 100 gold pieces
 61466 | D:4      | Killed Grinder
 61835 | Zot:1    | Reached skill level 7 in Dodging
 61864 | Zot:2    | Noticed a Killer Klown
 61864 | Zot:2    | Noticed a Killer Klown
 61864 | Zot:2    | Noticed a Killer Klown
 61864 | Zot:2    | Noticed a Killer Klown
 61864 | Zot:2    | Noticed a Killer Klown
 61864 | Zot:2    | Noticed a Killer Klown
 61895 | Zot:1    | Killed a Killer Klown
 61899 | Zot:1    | Killed a Killer Klown
 61902 | Zot:1    | Killed a Killer Klown
 61929 | Zot:1    | Killed a Killer Klown
 61934 | Zot:1    | Killed a Killer Klown
 61945 | Zot:1    | Killed a Killer Klown
 61965 | Zot:2    | Reached skill level 8 in Dodging
 61968 | Zot:2    | Noticed a golden dragon
 61970 | Zot:2    | Reached skill level 16 in Throwing
 62053 | Zot:1    | Found a stormy altar of Qazlal.
 62059 | Zot:1    | Found a stormy altar of Qazlal.
 62144 | Zot:1    | Received a gift from Trog
 62145 | Zot:1    | Found the +14 obsidian axe {chop, +Fly SInv *Curse}
 62267 | Zot:3    | Noticed a Killer Klown
 62275 | Zot:3    | Killed a Killer Klown
 62446 | Zot:3    | Reached skill level 9 in Dodging
 63031 | Zot:5    | Entered Level 5 of the Realm of Zot
 63032 | Zot:5    | Noticed an ancient lich
 63459 | Zot:5    | Killed an ancient lich
 63460 | Zot:5    | Reached skill level 15 in Shields
 63728 | Zot:5    | Noticed a Killer Klown
 63737 | Zot:5    | Killed a Killer Klown
 64086 | Zot:5    | Noticed an orb of fire
 64103 | Zot:5    | Killed an orb of fire
 64103 | Zot:5    | Received a gift from Trog
 64186 | Zot:5    | Reached skill level 10 in Dodging
 64855 | Zot:5    | Noticed an ancient lich
 64860 | Zot:5    | Killed an ancient lich
 64901 | Zot:5    | Noticed an ancient lich
 64910 | Zot:5    | Killed an ancient lich
 65345 | Zot:5    | Noticed an ancient lich
 65350 | Zot:5    | Killed an ancient lich
 65361 | Zot:5    | Reached skill level 26 in Fighting
 65443 | Zot:5    | Noticed an orb of fire
 65448 | Zot:5    | Gained mutation: Your magical capacity is low. (-10% MP)
                  | [an orb of fire]
 65453 | Zot:5    | Gained mutation: You tend to lose your temper in combat.
                  | [an orb of fire]
 65459 | Zot:5    | Killed an orb of fire
 65504 | Zot:5    | Lost mutation: Your magical capacity is low. (-10% MP)
                  | [potion of mutation]
 65504 | Zot:5    | Lost mutation: You tend to lose your temper in combat.
                  | [potion of mutation]
 65504 | Zot:5    | Gained mutation: Potions are less effective at restoring
                  | your health. [potion of mutation]
 65504 | Zot:5    | Gained mutation: You are partially covered in icy blue
                  | scales. (AC +2) [potion of mutation]
 65913 | Zot:5    | Noticed an orb of fire
 65929 | Zot:5    | Killed an orb of fire
 66380 | Zot:5    | Noticed a Killer Klown
 66392 | Zot:5    | Killed a Killer Klown
 66393 | Zot:5    | Reached skill level 16 in Armour
 66464 | Zot:5    | Reached skill level 11 in Dodging
 67471 | Zot:5    | Got the Orb of Zot
 67623 | Zot:4    | Noticed Zyirph Jaceo the pandemonium lord
 67746 | Depths:4 | Lost mutation: Potions are less effective at restoring your
                  | health. [potion of mutation]
 67746 | Depths:4 | Gained mutation: You occasionally shout uncontrollably at
                  | your foes. [potion of mutation]
 67746 | Depths:4 | Gained mutation: You are weak. (Str -2) [potion of
                  | mutation]
 67746 | Depths:4 | Gained mutation: You have a pair of small horns on your
                  | head. [potion of mutation]
 67746 | Depths:4 | Gained mutation: You have a pair of horns on your head.
                  | [potion of mutation]
 68124 | D:2      | Noticed Coroceek the pandemonium lord
 68135 | D:1      | Reached skill level 12 in Dodging
 68211 | D:$      | Escaped with the Orb!

Skill      XL: |  1  2  3  4  5  6  7  8  9 10 11 12 13 14 15 16 17 18 19 20 21 22 23 24 25 26 27 |
---------------+----------------------------------------------------------------------------------+-----
Fighting       | 4 5 6 7 8 10 11 12 13 14 16 17 19 20 21 22 23 24 25 26 | 26.5
Axes           | 4 5 6 7 8 10 11 13 14 16 18 | 18.0
Throwing       | 1 2 3 4 5 6 7 8 9 10 11 12 13 14 15 16 | 16.0
Armour         | 3 4 5 6 7 8 9 10 11 12 13 14 15 16 | 16.3
Dodging        | 3 4 6 12 | 12.0
Evocations     | 2 4 5 8 9 11 12 | 12.0
Shields        | 2 4 5 7 9 10 11 12 13 14 15 | 15.7

Action                   |  1- 3 |  4- 6 |  7- 9 | 10-12 | 13-15 | 16-18 | 19-21 | 22-24 | 25-27 || total
-------------------------+-------+-------+-------+-------+-------+-------+-------+-------+-------++-------
Melee: Hand axe          |    95 |   171 |   135 |       |       |       |       |       |       ||   401
       War axe           |       |       |   145 |   603 |   221 |       |       |       |       ||   969
       Constrict         |       |       |       |       |   156 |   123 |   155 |   117 |    98 ||   649
       Battleaxe         |       |       |       |       |   557 |   156 |       |       |       ||   713
       Scimitar          |       |       |       |       |    12 |       |       |       |       ||    12
       Flail             |       |       |       |       |     3 |       |       |       |       ||     3
       Broad axe         |       |       |       |       |       |   422 |   995 |   766 |   789 ||  2972
       Headbutt          |       |       |       |       |       |       |       |       |    15 ||    15
Throw: Tomahawk          |       |    16 |    27 |    87 |   107 |   332 |   110 |       |       ||   679
       Javelin           |       |       |       |       |       |     3 |    73 |   443 |   561 ||  1080
       Throwing net      |       |       |       |       |       |       |     4 |       |       ||     4
Invok: Berserk           |     2 |     3 |    16 |    24 |    21 |    25 |    26 |    18 |    10 ||   145
       Trog's Hand       |       |       |     2 |     4 |     4 |     9 |    12 |    12 |     9 ||    52
       Brothers in Arms  |       |       |       |     1 |     1 |     4 |     8 |     1 |     5 ||    20
 Abil: Spit Poison       |     5 |     2 |    11 |     9 |       |       |     1 |       |       ||    28
Evoke: Wand              |       |       |       |       |     4 |     3 |     1 |     3 |     4 ||    15
       Lightning rod     |       |       |       |       |       |     4 |     2 |     4 |     2 ||    12
       Lamp of fire      |       |       |       |       |       |       |       |     5 |     3 ||     8
       Fan of gales      |       |       |       |       |       |       |       |     1 |     3 ||     4
  Use: Scroll            |     1 |     5 |     3 |    10 |     8 |    10 |    10 |     9 |    14 ||    70
       Potion            |       |       |     2 |     1 |     1 |     3 |       |     3 |    16 ||    26
 Stab: Petrified         |       |       |       |       |     2 |       |       |       |       ||     2
       Confused          |       |       |       |       |     1 |       |     6 |     3 |       ||    10
       Held in net/web   |       |       |       |       |       |     1 |     2 |       |       ||     3
       Distracted        |       |       |       |       |       |       |     1 |       |       ||     1
       Paralysed         |       |       |       |       |       |       |       |     6 |     3 ||     9
       Fleeing           |       |       |       |       |       |       |       |     1 |       ||     1
  Eat: Chunk             |     6 |    13 |    31 |    48 |    60 |    37 |    43 |    40 |    19 ||   297
       Ration            |       |       |     3 |     2 |     2 |     8 |    13 |     7 |    15 ||    50
Armor: Ring mail         |    38 |    86 |   130 |   100 |   386 |       |       |       |       ||   740
       Troll leather arm |       |       |       |   199 |       |       |       |       |       ||   199
       Scale mail        |       |       |       |       |   177 |   203 |       |       |       ||   380
       Plate armour      |       |       |       |       |       |   397 |   574 |   369 |   321 ||  1661
Dodge: Dodged            |    51 |   101 |   136 |   300 |   446 |   248 |   131 |   101 |   181 ||  1695
Block: Medium shield     |       |       |       |       |    45 |   315 |   557 |   478 |   139 ||  1534
       Reflection        |       |       |       |       |       |       |     8 |    55 |    38 ||   101
       Buckler           |       |       |       |       |       |       |       |     9 |    72 ||    81
       Large shield      |       |       |       |       |       |       |       |       |   438 ||   438

Levels and vault maps discovered:
D:1:      dpeg_arrival_rooms_c, layout_basic
D:2:      layout_basic, overflow_temple_1_default,
          grunt_temple_overflow_diamond, fountainhead, nrook_mini_backslash
D:3:      layout_loops_corners, lemuel_round_altar,
          nicolae_overflow_hidden_temple, chequers_decorated_corner,
          chequers_serial_rivers_small_3, grunt_ministairs_7,
          roderic_serpentine_path
D:4:      layout_cave_pods, nicolae_ashenzari_skybound, temple_pool_b,
          first_ration, portal_sewer_entry_f, serial_shops, shop, shop, shop,
          shop, minmay_misc_feat_five, uniq_grinder
D:5:      layout_basic, gammafunk_ghost_hive, serial_shops, shop
D:6:      layout_loops_cross, small_statue_intersection
D:7:      layout_loops_ring, lemuel_coloured_pillars_altar,
          lemuel_zombie_altar_yredelemnul, uniq_prince_ribbit1
D:8:      layout_rooms, nicolae_elyvilon_peaceful_grove, dpeg_lair_monsters,
          basic_altar, the_bakery, st_stairs_11
D:9:      layout_cave_pools, nicolae_hepliaklqana_hippocampus,
          bhauth_orc_berserkers, enter_trove_1, uniq_nergalle, uniq_pikel
D:10:     layout_loops_corners, muffindrake_ghost_dual_entry,
          nicolae_transmutations_shop
D:11:     layout_irregular_city, enter_bailey_4,
          ploomutoo_gammafunk_ghost_potion_laboratory, uniq_erica
D:12:     hangedman_depths_entry_civil_slaughter, layout_irregular_city,
          david_vaults_5, portal_ice_cave_demonic_guard,
          nicolae_uskayaw_dance_hall, minmay_mirror_moons_of_madness
Lair:1:   layout_hall_layers
Lair:2:   layout_loops_ring, minmay_lair_oklob_chamber, lemuel_fruit_tree,
          lemuel_fruit_fields
Lair:3:   layout_cave_shapes, elwin_shoals_entry_rooms,
          nicolae_quartered_pool_medium, serial_bayou_lagoon_b, uniq_kirke
Lair:4:   layout_long_grid, spider_nest_entry_webs
Lair:5:   pond_and_an_island_with_a_cottage, layout_regular_city, uniq_josephine
Lair:6:   hangedman_lair_in_review, layout_concentric_octagons,
          guppyfry_lair_end_dragon, guppyfry_lair_drakes, lemuel_fruit_fields
Shoals:1: layout_shoals
Shoals:2: layout_shoals, gammafunk_ghost_berserking_beasts, serial_shops, shop
Shoals:3: shoals_end_simple, layout_shoals, nicolae_shoals_seven_spires
Spider:1: layout_spider_delve
Spider:2: layout_spider_delve, uniq_donald
Spider:3: grunt_spider_rune_island, hangedman_spider_tarantella_strand
Slime:1:  layout_slime_grid, cheibrodos_slime_lost_civilization_6
Slime:2:  layout_slime_grid
Slime:3:  layout_slime_grid
Slime:4:  layout_slime_grid, uniq_dissolution
Slime:5:  slime_pit_nicolae_inversion
Orc:      st_orc_town, layout_diamond_mine, minmay_slime_entry_pillars,
          gauntlet_entry_generic
Elf:1:    nicolae_elf_arrival_aired_out, layout_gridlike, minivault_28
Elf:2:    elven_hall_of_blades_hangedman_original [mumra_blade_entry_dagger],
          layout_loops_cross, serial_shops, shop, nicolae_elf_m_pinch,
          minivault_4, uniq_jorgrun
Vaults:1: minmay_crypt_entry_necro_gods, vaults_dpeg_ring,
          nicolae_vaults_network_s, nicolae_vaults_border_crossing, v_misc_10,
          vaults_room_fancy_cross, v_misc_14, nicolae_vaults_rhombus_6,
          layout_vaults_omnigrid, serial_shops, nicolae_shop_window_shopping
Vaults:2: nicolae_vaults_yaktaur_gun_rack, vaults_dpeg_hooks,
          hangedman_vaults_trim, v_misc_33, nicolae_vaults_rhombus_7,
          vaults_room_pool, v_pattern_1, v_misc_18,
          vaults_standard_mumra_enter_the_diamond, st_quartered_hall,
          nicolae_vaults_little_ls, layout_vaults_omnibox, serial_shops, shop,
          uniq_margery
Crypt:1:  layout_chaotic_city, grunt_crypt_arrival_split
Crypt:2:  david_glass_crypt, layout_misc_corridors
Depths:1: layout_basic, serial_shops, shop, nicolae_shop_waterfront,
          nicolae_shop_waterfront, rand_demon_pan_entry_3,
          hangedman_coc_ice_floe, lemuel_statue_altar, grunt_megastairs_4
Depths:2: wad_guarded_room, layout_cave_pools, pf_vacation_house_of_asmodeus
Depths:3: grunt_x_marks_the_spot, layout_gridlike, enter_ziggurat_b,
          rand_demon_pan_entry_5, hangedman_decor_push, hell_entry, uniq_jory
Depths:4: grunt_bent_corner, layout_gridlike, roderic_lattice_octagonal_star,
          abyss_entry, hell_entry
Depths:5: grunt_zot_entry_alcove, layout_gridlike, minmay_misc_feat_iff,
          grunt_hell_entry_dis_grunt, pan_entry, serial_bayou_shore_b,
          kennysheep_random_hallway, uniq_boris, uniq_mennas
Zot:1:    layout_gridlike, regret_index_zotdec_storm_pass
Zot:2:    ebering_greatest_show_in_zot, layout_misc_corridors,
          grunt_megastairs_5
Zot:3:    hangedman_zot_vaults_quadrants, layout_onion_interference
Zot:4:    kennysheep_bubbly, layout_gridlike, grunt_megastairs_1
Zot:5:    layout_twisted_circle, grunt_ministairs_6

Table legend:
 A = Turns spent in this place as a percentage of turns spent in the entire game.
 B = Non-inter-level travel turns spent in this place as a percentage of non-inter-level travel turns spent in the entire game.
 C = Inter-level travel turns spent in this place as a percentage of turns spent in this place.
 D = Turns resting spent in this place as a percentage of non-inter-level travel turns spent in this place.
 E = Turns spent auto-exploring this place as a percentage of non-inter-level travel turns spent in this place.
 F = Non-inter-level travel turns spent in this place divided by the number of levels of this place that you've seen.
                   A       B       C       D       E      F
               +-------+-------+-------+-------+-------+----------------------
         Total | 100.0 | 100.0 |  11.5 |  27.4 |  51.2 | 1207.9
       Dungeon |  25.7 |  23.1 |  20.4 |  14.3 |  63.7 | 1161.4
          Lair |  15.0 |  14.3 |  15.7 |  24.4 |  57.7 | 1438.2
        Shoals |   6.1 |   6.5 |   5.9 |  30.4 |  50.4 | 1308.7
   Spider Nest |   5.1 |   5.5 |   4.7 |  34.1 |  44.5 | 1114.7
    Slime Pits |   3.7 |   4.1 |   2.3 |  43.6 |  33.3 | 490.6
  Orcish Mines |   1.9 |   1.8 |  14.3 |  13.3 |  60.1 | 1090.0
   Elven Halls |   4.9 |   5.1 |   6.4 |  26.8 |  55.4 | 1552.5
        Vaults |   6.5 |   6.4 |  13.1 |   6.5 |  73.6 | 1938.5
         Crypt |   5.6 |   6.1 |   3.6 |  40.7 |  40.8 | 1852.0
        Depths |  14.9 |  15.4 |   8.4 |  22.3 |  53.3 | 1865.0
           Zot |   8.8 |   9.6 |   3.2 |  65.5 |  13.8 | 1161.6
         Trove |   0.1 |   0.1 |   0.0 |   0.0 |   0.0 |  44.0
         Sewer |   0.3 |   0.3 |   0.0 |  46.6 |  30.1 | 193.0
        Bailey |   0.6 |   0.6 |   0.0 |  29.5 |  24.9 | 390.0
      Ice Cave |   0.8 |   0.9 |   0.0 |  38.2 |  17.2 | 570.0
               +-------+-------+-------+-------+-------+----------------------

Table legend:
 A = Kills in this place as a percentage of kills in entire the game.
 B = Kills by you in this place as a percentage of kills by you in the entire game.
 C = Kills by friends in this place as a percentage of kills by friends in the entire game.
 D = Other kills in this place as a percentage of other kills in the entire game.
 E = Experience gained in this place as a percentage of experience gained in the entire game.
 F = Experience gained in this place divided by the number of levels of this place that you have seen.
                   A       B       C       D       E      F
               +-------+-------+-------+-------+-------+----------------------
         Total | 100.0 | 100.0 | 100.0 | 100.0 | 100.0 | 29185.8
       Dungeon |  20.0 |  20.9 |   0.0 |  13.2 |   6.1 | 7424.6
          Lair |  12.0 |  12.6 |   0.0 |   2.6 |   4.9 | 12004.5
        Shoals |   6.4 |   5.8 |  18.1 |  10.5 |   4.7 | 22875.3
   Spider Nest |   7.6 |   7.2 |  20.8 |   0.0 |   4.7 | 22819.7
    Slime Pits |   4.2 |   4.2 |   0.0 |  13.2 |   6.0 | 17370.0
  Orcish Mines |   4.6 |   4.9 |   0.0 |   0.0 |   0.8 | 12065.0
   Elven Halls |   5.2 |   5.4 |   4.2 |   0.0 |   4.8 | 34915.0
        Vaults |   8.0 |   7.8 |  16.7 |   0.0 |   7.9 | 57625.0
         Crypt |   4.3 |   4.1 |  11.1 |   2.6 |   6.1 | 44423.5
        Depths |  18.4 |  18.0 |  11.1 |  50.0 |  33.0 | 96402.6
           Zot |   6.2 |   5.7 |  18.1 |   7.9 |  20.7 | 60339.4
         Sewer |   0.3 |   0.3 |   0.0 |   0.0 |   0.0 | 158.0
        Bailey |   1.6 |   1.7 |   0.0 |   0.0 |   0.0 | 610.0
      Ice Cave |   1.4 |   1.5 |   0.0 |   0.0 |   0.3 | 3761.0
               +-------+-------+-------+-------+-------+----------------------
